Map: Rhoskallian LE

Players

qqq

  • Race: Terran Terran
  • League: Platinum
  • Spawn Location: 11:00

Massa

  • Race: Terran Terran
  • League: Gold
  • Spawn Location: 12:00

Ptynat - Winner!

  • Race: Terran Terran
  • League: Diamond
  • Spawn Location: 6:00

Saya - Winner!

  • Race: Terran Terran
  • Spawn Location: 5:00

VOD

Have the link to the VOD?

Description

Time

  • Played on: Aug. 11, 2020, 11:57 a.m.
  • Length: 12:46
Show
View Real Time Build Order
Export as new Build Order

qqq Terran 

Build Orders: 2 Factory 

Get SALT Encoding   

  12  0:01  SCV  
  13  0:13  SCV  
  14  0:23  Supply Depot  
  14  0:25  SCV  
  15  0:38  Refinery  
  15  0:44  SCV  
  15  0:48  Barracks  
  16  0:57  SCV  
  17  1:09  SCV  
  18  1:21  SCV  
  19  1:27  Refinery  
  19  1:33  SCV  
  19  1:36  Reaper  
  21  1:45  SCV  
  21  1:46  Supply Depot  
  22  1:57  SCV  
  23  2:08  Reaper  
  24  2:09  SCV  
  24  2:14  Command Center  
  25  2:21  SCV  
  26  2:33  SCV, Factory  
  26  3:04  SCV  
  27  3:06  Factory  
  27  3:16  SCV  
  27  3:17  Widow Mine  
  30  3:24  Supply Depot  
  30  3:26  SCV  
  31  3:28  SCV  
  32  3:34  Factory  
  32  3:40  Widow Mine, SCV  
  34  3:51  Factory Reactor  
  34  3:52  SCV  
  35  3:57  Armory  
  35  4:01  Widow Mine  
  37  4:11  Engineering Bay  
  37  4:34  Widow Mine x2  
  37  4:38  Factory Reactor  
  37  4:42  Factory Tech Lab  
  37  4:52  SCV x2  
  37  4:55  Widow Mine  
  37  4:56  Widow Mine  
  41  5:24  Supply Depot  
  41  5:45  SCV  
  41  5:46  Widow Mine x2, SCV  
  41  5:47  Supply Depot  
  45  5:50  Smart Servos  
  45  5:52  Widow Mine x2  
  45  5:55  Cyclone  
  45  5:56  Supply Depot  
  45  5:58  SCV  
  45  6:03  Barracks  
  40  6:07  Widow Mine x2  
  40  6:11  Supply Depot  
  42  6:13  Widow Mine x2  
  42  6:19  Supply Depot  
  42  6:27  Cyclone  
  42  6:28  Widow Mine  
  41  6:42  Supply Depot  
  30  6:59  Cyclone  
  30  7:14  Widow Mine  
  30  7:15  Widow Mine x2  
  36  7:21  Widow Mine  
  14  8:13  Widow Mine x4  
  14  8:15  Factory Tech Lab  
  20  8:22  SCV  
  22  8:34  Widow Mine x3, SCV  
  21  8:47  SCV  
  21  8:48  Cyclone  
  21  8:51  Widow Mine  
  25  8:55  Widow Mine  
  25  8:56  Widow Mine  
  25  8:59  SCV  
  28  9:11  SCV  
  29  9:20  Cyclone  
  29  9:23  SCV  
  33  9:35  SCV  
  34  9:47  SCV  
  35  9:59  SCV  
  32  10:11  SCV  
  33  10:22  Siege Tank  
  33  10:26  Widow Mine x2  
  37  10:39  Starport  
  34  10:55  Siege Tank  
  37  11:03  Command Center  
  26  11:58  Widow Mine x4  
  31  12:07  Fusion Core  
  31  12:19  Widow Mine  
Show
View Real Time Build Order
Export as new Build Order

Massa Terran 

Build Orders:  

Get SALT Encoding   

  12  0:01  SCV  
  13  0:13  SCV  
  14  0:24  Supply Depot  
  14  0:25  SCV  
  15  0:31  Refinery  
  15  0:46  SCV  
  15  0:47  Barracks  
  16  0:58  SCV  
  17  1:10  SCV  
  18  1:22  SCV  
  19  1:34  SCV  
  19  1:36  Reaper  
  21  1:46  SCV  
  22  1:48  Command Center  
  22  2:17  Reaper  
  22  2:20  Orbital Command  
  23  2:23  Refinery  
  23  2:35  Factory  
  22  3:03  Marine  
  23  3:10  Barracks  
  23  3:13  Orbital Command  
  23  3:14  SCV  
  23  3:18  Factory Tech Lab  
  24  3:21  Marine  
  24  3:26  SCV  
  26  3:38  SCV  
  26  3:39  Marine  
  27  3:49  SCV  
  27  3:50  SCV  
  29  3:56  Starport  
  29  4:01  SCV  
  29  4:02  SCV  
  31  4:04  Supply Depot  
  31  4:05  Supply Depot  
  31  4:07  Engineering Bay  
  31  4:13  SCV  
  31  4:14  SCV  
  33  4:17  Barracks Tech Lab  
  33  4:20  Siege Tank  
  34  4:25  SCV  
  34  4:27  SCV  
  36  4:34  Marine  
  36  4:36  Marauder  
  36  4:37  SCV  
  40  4:39  SCV  
  40  4:43  Missile Turret  
  41  4:52  Marine  
  40  4:58  Marauder  
  41  5:01  Widow Mine  
  38  5:17  Barracks  
  38  5:19  Missile Turret  
  38  5:20  Barracks  
  38  5:23  Widow Mine  
  36  5:43  Barracks  
  36  5:44  Widow Mine  
  36  5:49  Viking  
  38  5:54  Barracks x2  
  38  5:55  Barracks  
  30  6:10  SCV  
  28  6:19  Viking  
  28  6:22  SCV  
  26  6:34  SCV  
  27  6:41  Marine  
  27  6:42  Marine x2  
  27  6:44  Barracks  
  28  6:49  Viking  
  30  6:59  Marine, Terran Infantry Weapons Level 1  
  31  7:03  Barracks  
  31  7:08  Supply Depot  
  31  7:09  Marine x2  
  31  7:10  Supply Depot  
  31  7:25  Marine  
  31  7:29  Viking  
  30  7:32  Supply Depot  
  25  8:06  Marine x3  
  28  8:14  Factory Tech Lab  
  28  8:24  Marine x2  
  30  8:30  Barracks Tech Lab  
  30  8:36  Siege Tank  
  33  8:41  Marine  
  35  8:52  Barracks Tech Lab  
  35  8:53  Terran Infantry Armor Level 1, Stimpack  
  35  8:55  Medivac  
  36  8:57  SCV  
  36  8:59  Marine  
  36  9:02  Marauder, Marine x2  
  41  9:08  Siege Tank  
  46  9:10  SCV  
  46  9:17  Marine  
  47  9:51  Combat Shield  
  47  10:12  Marine  
  47  10:14  Marine  
  47  10:15  SCV, Marine  
  47  10:19  Marauder  
  47  10:21  Marauder, Command Center  
  46  10:30  Marine  
  47  10:42  Marine, Supply Depot  
  47  10:43  Marauder  
  47  10:47  Marine  
  47  10:48  Marine  
  47  10:49  Medivac  
  47  10:51  Marauder  
  42  11:00  Marine  
  44  11:04  Marauder  
  44  11:05  Marine  
  44  11:06  Marine  
  46  11:13  Marauder  
  46  11:17  SCV  
  50  11:25  Marauder  
  50  11:29  SCV  
  49  11:34  Marauder  
  50  11:41  SCV  
  50  11:46  SCV  
  52  11:47  Marauder  
  52  11:53  SCV  
  37  12:05  SCV  
  31  12:16  Marauder x2, Marine x2  
  31  12:17  SCV  
  38  12:29  SCV  
Show
View Real Time Build Order
Export as new Build Order

Ptynat Terran - Winner!

Build Orders: 1/1/1, Liberator Opening 

Get SALT Encoding   

  12  0:03  SCV  
  13  0:15  SCV  
  13  0:18  Supply Depot  
  14  0:25  Refinery  
  14  0:29  SCV  
  15  0:41  SCV  
  16  0:46  Barracks  
  16  0:57  SCV  
  17  1:10  SCV  
  18  1:24  SCV  
  19  1:33  Marine  
  19  1:34  Factory  
  19  1:38  Orbital Command  
  20  1:44  Supply Depot  
  20  1:58  Barracks Reactor  
  20  2:04  Refinery, SCV  
  21  2:16  SCV  
  21  2:20  Factory Tech Lab  
  22  2:25  Starport  
  22  2:32  Supply Depot  
  22  2:36  Marine x2  
  24  2:37  Factory Tech Lab  
  23  2:53  SCV  
  23  2:56  Marine x2  
  23  2:57  Siege Tank  
  29  3:05  SCV  
  30  3:16  Marine x2  
  32  3:24  Liberator  
  34  3:42  Marine x2  
  36  3:53  Siege Tank  
  39  4:03  Supply Depot  
  39  4:13  Command Center  
  39  4:21  Supply Depot  
  39  4:25  Marine x2, Liberator, SCV  
  45  4:37  SCV  
  46  4:45  Marine x2, Siege Tank  
  50  5:09  Marine x2  
  50  5:10  Liberator  
  50  5:54  Marine  
  50  5:55  Marine, Siege Tank  
  50  5:56  Starport Tech Lab  
  52  6:04  Orbital Command  
  55  6:05  SCV  
  56  6:17  SCV  
  51  7:01  Marine x2  
  52  7:02  Raven, Siege Tank  
  51  7:36  Marine x2  
  53  7:37  Cyclone  
  56  7:45  Barracks  
  56  7:46  Barracks  
  56  7:48  Command Center  
  43  8:27  SCV x2  
  45  8:39  SCV  
  46  8:50  Marine x2  
  46  8:54  Barracks Tech Lab  
  46  8:55  Barracks Reactor  
  47  9:00  Siege Tank  
  50  9:04  SCV x2  
  50  9:09  Starport Reactor  
  52  9:10  Orbital Command  
  52  9:16  SCV x2  
  54  9:17  Barracks  
  51  9:39  Marine x2  
  51  9:40  Marine x3  
  51  9:43  Siege Tank  
  59  9:47  Medivac x2  
  59  9:49  Stimpack  
  59  9:52  Engineering Bay x2  
  63  9:57  Orbital Command  
  63  10:05  Barracks  
  60  10:23  Marine x3  
  63  10:30  Marine  
  63  10:31  Marine  
  63  10:32  Siege Tank  
  63  10:33  Medivac x2  
  72  10:48  Barracks Reactor  
  72  11:08  Marine x4  
  72  11:09  Marine  
  72  11:10  Medivac, Siege Tank  
  72  11:11  Medivac  
  84  11:26  Barracks Reactor  
  83  11:45  Marine x2  
  85  11:49  Supply Depot  
  85  11:50  Supply Depot  
  85  11:52  Engineering Bay  
  85  11:54  Engineering Bay  
  85  12:11  SCV x3, Marine x5  
  85  12:13  Marine  
  85  12:14  Siege Tank  
  85  12:15  Medivac x2  
  101  12:28  Refinery  
  101  12:30  Refinery  
  101  12:32  Supply Depot x2  
Show
View Real Time Build Order
Export as new Build Order

Saya Terran - Winner!

Build Orders: 1/1/1, Cyclone Opening 

Get SALT Encoding   

  12  0:00  SCV  
  13  0:12  SCV  
  14  0:18  Supply Depot  
  14  0:24  SCV  
  15  0:34  Refinery  
  15  0:40  SCV  
  16  0:47  Barracks  
  16  0:52  SCV  
  17  1:04  SCV  
  18  1:16  SCV  
  19  1:27  Refinery  
  20  1:33  Orbital Command  
  20  1:36  Factory  
  19  1:45  Supply Depot  
  19  1:53  Reaper  
  20  2:01  SCV  
  21  2:18  SCV  
  21  2:21  Factory Tech Lab  
  21  2:22  Starport  
  22  2:27  Reaper  
  23  2:38  SCV  
  23  2:39  Supply Depot  
  24  2:45  Cyclone  
  27  2:55  SCV  
  28  3:14  Liberator, Command Center  
  31  3:24  SCV  
  32  3:31  Supply Depot  
  32  3:36  Cyclone  
  35  3:51  SCV  
  36  3:56  Supply Depot  
  36  4:00  Starport Reactor  
  36  4:03  SCV  
  36  4:09  Factory  
  37  4:15  SCV  
  38  4:30  SCV  
  37  4:32  Orbital Command  
  36  4:42  SCV  
  36  4:45  Command Center  
  37  4:54  Factory Tech Lab, SCV  
  37  4:56  Supply Depot  
  38  5:07  SCV  
  39  5:14  SCV  
  40  5:16  Viking x2  
  40  5:19  SCV  
  45  5:23  Cyclone  
  45  5:26  SCV  
  49  5:31  SCV  
  49  5:32  Refinery  
  49  5:33  Refinery  
  50  5:38  SCV  
  50  5:41  Cyclone  
  54  5:43  SCV, Mag-Field Accelerator  
  55  5:50  SCV  
  55  5:52  Factory  
  55  5:55  SCV  
  57  5:59  Orbital Command  
  57  6:02  SCV, Viking  
  60  6:07  Viking  
  60  6:08  SCV  
  63  6:14  SCV  
  64  6:20  SCV  
  64  6:22  Cyclone  
  68  6:36  Cyclone, SCV x3  
  74  6:42  Supply Depot  
  74  6:44  Supply Depot  
  74  6:51  SCV x3  
  77  6:54  Viking x2  
  77  6:56  Supply Depot  
  77  6:57  Supply Depot  
  81  7:02  Factory Reactor  
  81  7:06  Armory  
  81  7:08  SCV  
  81  7:09  SCV  
  81  7:12  Orbital Command  
  83  7:20  SCV  
  84  7:24  SCV  
  85  7:33  SCV, Supply Depot  
  85  7:34  Command Center  
  85  7:36  SCV  
  87  7:39  SCV  
  87  7:41  Cyclone x2, Hellion x2  
  87  7:42  Viking  
  100  7:45  SCV  
  100  7:48  SCV  
  98  7:51  SCV  
  98  7:57  SCV  
  99  8:00  SCV  
  99  8:03  Terran Vehicle Weapons Level 1  
  101  8:05  SCV, Armory  
  101  8:07  Hellion x2  
  101  8:09  SCV, Infernal Pre-Igniter  
  107  8:12  SCV  
  107  8:17  SCV, Supply Depot  
  107  8:18  Refinery, Supply Depot  
  108  8:20  Refinery, Engineering Bay  
  108  8:21  Cyclone x2  
  108  8:22  SCV  
  108  8:24  SCV  
  115  8:35  Viking x2  
  115  8:36  Hellion  
  115  8:37  SCV x3, Hellion  
  124  8:46  Orbital Command  
  124  8:51  Command Center  
  124  8:54  Factory  
  124  8:55  Factory  
  124  8:59  Terran Vehicle And Ship Armor Level 1  
  124  9:10  Factory  
  124  9:15  Factory  
  124  9:20  SCV x4  
  128  9:24  Supply Depot  
  128  9:25  Hi-Sec Auto Tracking  
  128  9:26  Missile Turret, Supply Depot  
  128  9:28  Supply Depot  
  128  9:29  Missile Turret  
  128  9:31  Missile Turret  
  128  9:32  Missile Turret  
  128  9:33  Missile Turret  
  128  9:35  SCV  
  128  9:36  SCV x3, Missile Turret  
  132  9:41  Missile Turret  
  132  9:44  Missile Turret  
  132  9:47  Factory Tech Lab x2, Missile Turret  
  132  9:50  Hellion x2  
  132  9:52  SCV x2, Missile Turret  
  138  9:53  Missile Turret  
  138  9:54  Missile Turret x2  
  138  10:11  Factory Tech Lab, Factory Reactor  
  138  10:12  Siege Tank x4  
  150  10:14  Planetary Fortress  
  150  10:21  Refinery x2  
  148  10:35  Hellion, Siege Tank  
  153  10:36  Hellion  
  148  10:50  Hellion, Siege Tank x3  
  148  10:51  Hellion  
  161  11:01  Drilling Claws  
  165  11:04  Hellion x2  
  165  11:11  SCV x3  
  168  11:25  Command Center  
  168  11:26  Hellion x3  
  168  11:27  Hellion, Command Center, Siege Tank x4  
  168  11:30  Command Center x2  
  188  11:45  Siege Tank  
  184  11:59  Siege Tank  
  177  12:06  Hellion x4, Siege Tank x2  
  179  12:32  Command Center  
  179  12:33  Command Center  
  179  12:36  Command Center  
  179  12:45  Missile Turret x2  
  179  12:46  Missile Turret  
Tags
 
Add a new tag
Caveats
  • Supply blocks, unpowered buildings, or Contaminate may cause inaccurate times.
  • Supply counts are checked every 10 seconds.